 Dungeon Crawl Stone Soup version 0.14-a0-1168-gf5005bf (webtiles) character file.

813 PolkaDot the Insei (level 7, 0/48 HPs)
             Began as a Vampire Transmuter on Nov 29, 2013.
             Was a Believer of Makhleb.
             Slain by Prince Ribbit (14 damage)
             ... on Level 4 of the Dungeon.
             The game lasted 00:11:54 (3687 turns).

PolkaDot the Insei (Vampire Transmuter)             Turns: 3687, Time: 00:11:55

HP   0/48        AC  2     Str  9      XL: 7   Next: 16%
MP  11/11        EV 15     Int 15      God: Makhleb [**....]
Gold 221         SH  0     Dex 16      Spells:  1 memorised,  9 levels left

rFire  . . .     SeeInvis +       - Unarmed
rCold  . . .     Clarity  .     c - +0 robe
rNeg   . . .     Conserve .     (no shield)
rPois  .         rCorr    .     (no helmet)
rElec  .         rRot     .     (no cloak)
SustAb . .       Spirit   .     (no gloves)
rMut   .         Warding  .     (no boots)
Saprov . . .     Stasis   .     (no amulet)
                                (no ring)
                                o - ring of protection from magic {unknown}

@: regenerating quickly, quite resistant to hostile enchantments, unstealthy
A: bottle blood, fangs 3, see invisible, unbreathing
a: Bottle Blood, Minor Destruction, Renounce Religion


You were on level 4 of the Dungeon.
You worshipped Makhleb.
Makhleb was pleased with you.
You were full.

You visited 1 branch of the dungeon, and saw 4 of its levels.

You collected 221 gold pieces.

Inventory:

Missiles
 b - 12 arrows
Armour
 c - a +0 robe (worn)
Magical devices
 t - a wand of lightning (0)
Scrolls
 a - 3 scrolls of enchant weapon I {unknown}
 f - 2 scrolls of immolation {unknown}
 g - 6 scrolls of remove curse {unknown}
 h - a scroll of recharging {unknown}
 j - 3 scrolls of identify {unknown}
 k - a scroll of curse weapon {unknown}
 l - 2 scrolls of noise {unknown}
 m - a scroll of blinking {unknown}
 n - a scroll of curse armour {unknown}
 q - 2 scrolls of fog {unknown}
Jewellery
 o - a ring of protection from magic (left hand) {unknown}
Potions
 e - 2 potions of curing
Books
 d - a book of Changes

   Spells                             Type                      Level
   *Beastly Appendage                 Transmutation                1
   Sticks to Snakes                   Transmutation                2
   Spider Form                        Transmutation/Poison         3
   Ice Form                           Ice/Transmutation            4
   Blade Hands                        Transmutation                5


   Skills:
 - Level 0.8 Fighting
 + Level 5.3 Dodging
 * Level 7.6 Unarmed Combat
 - Level 2.0 Spellcasting
 - Level 2.1 Transmutations


You had 9 spell levels left.
You knew the following spells:

 Your Spells              Type           Power        Failure   Level  Hunger
a - Beastly Appendage     Trmt           #.....       12%         1    #......


Dungeon Overview and Level Annotations

Branches:
Dungeon (4/16)
 Temple: D:4-7

Altars:
Makhleb

Annotations:
D:4 Prince Ribbit


Innate Abilities, Weirdness & Mutations

Your natural rate of healing is unusually fast.
You can bottle blood from corpses.
You have razor-sharp teeth.*
You have supernaturally acute eyesight.
You can survive without breathing.*


Message History

You destroy the kobold skeleton!
Makhleb accepts your kill.
Drink which item? (? for menu, Esc to quit)
Okay, then.
Prince Ribbit barely misses you.
Prince Ribbit momentarily phases out as your attack passes through him.
Prince Ribbit hits you!
You hit Prince Ribbit.
Prince Ribbit is lightly wounded.
Prince Ribbit barely misses you.
Prince Ribbit momentarily phases out as your attack passes through him.
Your bite passes through Prince Ribbit as he momentarily phases out.
Prince Ribbit is lightly wounded.
Prince Ribbit hits you!
* * * LOW HITPOINT WARNING * * *
Drink which item? (? for menu, Esc to quit)
You feel much better. Prince Ribbit hits you!
* * * LOW HITPOINT WARNING * * *
Prince Ribbit hits you!
You die...

#............
#..........##.
#...$....F....
#...S.....#
#...z.....# .
##.####.### #.#
#..#...# ...
##F#.###.# #.#
#@#.)...# #.#
##+#.###.# ###.#
#......# #...##
#......### ###.....
#........# #.......
#........###.##....
#.......(....##....
#...........###....
#...........#......


You could see Prince Ribbit.

Vanquished Creatures
  Blork the orc (D:3)
  3 big kobolds (D:3)
  A hound (D:2)
  A giant frog skeleton (D:3)
  An iguana (D:4)
  A scorpion (D:4)
  Ijyb (D:2)
  A gnoll (D:3)
  7 adders
  A worm (D:3)
  3 giant geckos
  An ooze (D:2)
  2 orcs
  7 bats
  4 giant cockroaches (D:2)
  13 hobgoblins
  4 jackals (D:2)
  45 kobolds
  2 quokkas (D:2)
  3 giant newts
  6 goblins
  A kobold skeleton (D:4)
  8 rats
117 creatures vanquished.

Notes
Turn   | Place    | Note
--------------------------------------------------------------
     0 | D:1      | PolkaDot, the Vampire Transmuter, began the quest for the Orb.
     0 | D:1      | Reached XP level 1. HP: 15/15 MP: 2/2
   166 | D:1      | Reached XP level 2. HP: 18/21 MP: 4/4
   636 | D:2      | Reached skill level 4 in Unarmed Combat
   857 | D:2      | Reached XP level 3. HP: 9/26 MP: 5/5
  1324 | D:2      | Noticed Ijyb
  1335 | D:2      | Killed Ijyb
  1335 | D:2      | Reached XP level 4. HP: 28/32 MP: 7/7
  1338 | D:2      | Reached skill level 5 in Unarmed Combat
  1485 | D:2      | Found a burning altar of Makhleb.
  1498 | D:2      | Became a worshipper of Makhleb the Destroyer
  1709 | D:3      | Reached XP level 5. HP: 35/37 MP: 8/8
  2089 | D:3      | Acquired Makhleb's first power
  2232 | D:3      | Paralysed by a potion of paralysis for 3 turns
  2323 | D:3      | Noticed a big kobold
  2334 | D:3      | Killed a big kobold
  2334 | D:3      | Reached skill level 6 in Unarmed Combat
  2363 | D:3      | Noticed a big kobold
  2363 | D:3      | Reached XP level 6. HP: 38/43 MP: 10/10
  2393 | D:3      | Killed a big kobold
  2393 | D:3      | Acquired Makhleb's second power
  2498 | D:3      | Noticed a big kobold
  2533 | D:3      | Killed a big kobold
  2533 | D:3      | Reached skill level 5 in Dodging
  2533 | D:3      | Reached skill level 7 in Unarmed Combat
  3060 | D:3      | Learned a level 1 spell: Beastly Appendage
  3263 | D:4      | Noticed Blork the orc
  3282 | D:3      | Killed Blork the orc
  3282 | D:3      | Reached XP level 7. HP: 17/48 MP: 11/11
  3339 | D:4      | HP: 2/48 [poisoned by a kobold]
  3659 | D:4      | Noticed Prince Ribbit
  3687 | D:4      | Slain by Prince Ribbit

Action                   |  1- 3 |  4- 6 |  7- 9 || total
-------------------------+-------+-------+-------++-------
Melee: Unarmed           |   132 |   283 |    46 ||   461
Evoke: Wand              |       |     1 |       ||     1
  Use: Potion            |     1 |     9 |     3 ||    13
 Stab: Invisible         |       |     3 |       ||     3
